Map: Amphion LE

Players

Zeratul - Winner!

  • Race: Terran Terran
  • Spawn Location: 11:00

VOD

Have the link to the VOD?

Description

Time

  • Played on: Oct. 3, 2024, 7:50 p.m.
  • Length: 5:12
Show
View Real Time Build Order
Export as new Build Order

Zeratul Terran - Winner!

Build Orders:  

Get SALT Encoding   

  12  0:01  SCV  
  13  0:19  Supply Depot  
  13  0:28  SCV  
  14  0:51  Barracks  
  14  1:09  Barracks  
  14  1:13  SCV  
  15  1:30  SCV  
  16  1:57  Orbital Command  
  16  1:58  Marine  
  17  2:15  Marine  
  17  2:19  Bunker  
  18  2:22  Marine  
  19  2:40  Marine  
  19  2:47  Marine, Bunker  
  19  2:49  Bunker  
  21  2:52  SCV  
  20  3:05  Marine  
  20  3:12  Marine  
  18  3:30  Marine  
  18  3:37  Marine  
  19  3:40  SCV  
  20  3:55  Marine  
  21  4:02  Marine  
  22  4:20  Marine  
  23  4:32  Bunker  
  23  4:43  Marine  
  23  5:03  Supply Depot  
Tags
 
Matchup
Co-op
Add a new tag
Caveats
  • Supply blocks, unpowered buildings, or Contaminate may cause inaccurate times.
  • Supply counts are checked every 10 seconds.